 Dungeon Crawl Stone Soup version 0.26.1-11-gd32895ea62 (webtiles) character file.

Game seed: 11413740628828195578

1596 Zeld the Geomancer (level 8, -3/41 HPs)
             Began as a Gargoyle Earth Elementalist on June 10, 2021.
             Was a Believer of Sif Muna.
             Slain by an ogre
             ... wielding a +0 giant club
              (17 damage)
             ... on level 7 of the Dungeon.
             The game lasted 00:09:01 (8679 turns).

Zeld the Geomancer (Gargoyle Earth Elementalist)    Turns: 8679, Time: 00:09:02

Health: -3/41      AC:  9    Str: 12    XL:     8   Next: 93%
Magic:  11/15      EV: 13    Int: 18    God:    Sif Muna [**....]
Gold:   357        SH:  0    Dex: 10    Spells: 2/17 levels left

rFire    . . .     SeeInvis .   (no weapon)
rCold    . . .     Faith    .   (no shield)
rNeg     + . .     Spirit   .   c - +0 robe
rPois    ∞         Reflect  .   h - +0 helmet
rElec    +         Harm     .   (no cloak)
rCorr    .         Rampage  .   m - +0 pair of gloves
Will     .....                  (no boots)
Stlth    ++........             (no amulet)
HPRegen  0.13/turn              (no ring)
MPRegen  0.14/turn              (no ring)

@: no status effects
A: negative energy resistance 1, electricity resistance, unbreathing,
petrification resistance, miasma immunity, AC +5
a: Renounce Religion, Channel Magic


You were on level 7 of the Dungeon.
You worshipped Sif Muna.
Sif Muna was pleased with you.
You visited 2 branches of the dungeon, and saw 8 of its levels.
You also visited: Ossuary.

You collected 357 gold pieces.

Inventory:

Missiles
 b - 2 stones (quivered)
Armour
 c - a +0 robe (worn)
 h - a +0 helmet (worn)
 m - a +0 pair of gloves (worn)
Jewellery
 r - a cursed -4 ring of protection {unknown}
 s - an uncursed ring of positive energy {unknown}
 u - a +6 ring of dexterity {unknown}
Wands
 x - a wand of random effects (7)
 y - a wand of digging (6)
Scrolls
 a - 4 scrolls of teleportation
 d - 3 scrolls of noise {unknown}
 f - 3 scrolls of magic mapping {unknown}
 i - 3 scrolls of enchant weapon {unknown}
 l - 2 scrolls of immolation {unknown}
 n - 3 scrolls of remove curse {unknown}
 p - a scroll of fog {unknown}
 q - 3 scrolls of identify {unknown}
 A - a scroll of blinking {unknown}
Potions
 e - 2 potions of flight {unknown}
 g - 5 potions of curing {unknown}
 j - a potion of resistance {unknown}
 k - 5 potions of heal wounds {unknown}
 o - a potion of brilliance {unknown}
 t - a potion of attraction {unknown}
 v - 2 potions of ambrosia {unknown}
 w - 2 potions of degeneration {unknown}
 z - a potion of berserk rage {unknown}
 B - a potion of might {unknown}


   Skills:
 + Level 4.7 Dodging
 - Level 2.1 Stealth
 + Level 5.3 Spellcasting
 - Level 0.7 Transmutations
 * Level 9.9 Earth Magic


You had 2 spell levels left.
You knew the following spells:

 Your Spells              Type           Power        Failure   Level
a - Sandblast             Erth           80%          1%          1
b - Passwall              Tmut/Erth      20%          2%          2
c - Stone Arrow           Conj/Erth      44%          4%          3
d - Petrify               Tmut/Erth      24%          14%         4
e - Lee's Rapid Deconstr  Erth           20%          6%          5

Your spell library contained the following spells:

 Spells                   Type           Power        Failure   Level
 Animate Skeleton         Necr           8%           13%         1
 Pain                     Necr           16%          13%         1
 Vampiric Draining        Necr           2%           36%         3
 Animate Dead             Necr           2%           78%         4
 Agony                    Necr           4%           98%         5


Dungeon Overview and Level Annotations

Branches:
Dungeon (7/15)             Temple (1/1) D:4         Ossuary (visited)

Altars:
Ashenzari
Cheibriados
Dithmenos
Elyvilon
Fedhas
Gozag
Hepliaklqana
Kikubaaqudgha
Makhleb
Nemelex Xobeh
Okawaru
Qazlal
Ru
Sif Muna
Uskayaw
Vehumet
Wu Jian
Xom
Yredelemnul
Zin
The Shining One

Annotations:
D:6 2 transporters, phalm's ghost, novice GnCj
D:7 1 transporter, Duder's ghost, novice MiBe; Harold


Innate Abilities, Weirdness & Mutations

You are resistant to torment.
Your stone body is resilient. (AC +5)
You are immune to poison.
You resist negative energy. (rN+)
You are resistant to electric shocks. (rElec)
You can survive without breathing.
You are immune to petrification.
You are immune to miasma.


Message History

The jackal closely misses you.
Found a leatherbound book and 27 gold pieces.
Found a transporter.
As you read the scroll of teleportation, it crumbles to dust.
You feel strangely unstable. The jackal bites you.
Harold zaps a wand.
You hear a grinding noise.
The jackal bites you.
Found 19 arrows.
The two-headed ogre shouts in stereo!
The ogre shouts!
Harold yells, "I don't have all day!"
Harold throws a throwing net.
The throwing net hits you.
You become entangled in the net!
You see here a throwing net.
You struggle against the net.
Your surroundings suddenly seem different.
The leopard gecko hisses angrily.
The orc hits you but does no damage.
You hear a zap.
You hear a grinding noise.
The ogre hits you with a +0 giant club!
You die...

#..h(....... #.##.###....
#.#.## . #..# #. .P #@#
#.##≈≈ #h#########.#P≈≈
#ol.....[.....P≈
##########oh########...≈P
#<.....?@o............P;o
.....[...O..########....≈
####........# #...≈≈
##..###### #####...≈≈
####(..# #......#P≈
#......# #........P
#.##.............#.#.###
#.##...l.........#.#.#
#.##.≈≈P.≈..P.≈≈ #.#.#


You could see an ogre, 2 orcs, a leopard gecko and a jackal.

Vanquished Creatures
  A water moccasin (D:5)
  A phantom (D:4)
  A necrophage (D:6)
  A centaur (D:6)
  2 bullfrogs (D:6)
  2 water moccasin zombies (Ossuary)
  3 scorpions
  A gnoll shaman (D:6)
  3 hounds
  6 orc wizards
  An orc priest (D:5)
  A bullfrog skeleton (D:6)
  2 worker ants (D:4)
  4 big kobold zombies (Ossuary)
  2 mummies (Ossuary)
  A hound skeleton (D:6)
  7 gnolls
  9 adders
  A shadow imp (D:5)
  A white imp (D:5)
  4 ufetubi
  An ooze (D:2)
  An adder zombie (Ossuary)
  2 adder skeletons
  3 worms
  3 leopard geckos
  25 orcs
  A ball python (D:3)
  6 giant cockroaches
  4 gnoll zombies (Ossuary)
  6 goblins
  5 hobgoblins
  13 jackals
  5 quokkas
  8 bats
  5 frilled lizards
  4 hobgoblin zombies (Ossuary)
  4 kobolds
  7 kobold zombies (Ossuary)
  7 orc zombies (Ossuary)
  A quokka skeleton (D:5)
  4 rats
169 creatures vanquished.

Vanquished Creatures (others)
  A fungus (D:6)
  8 plants (D:7)
9 creatures vanquished.

Grand Total: 178 creatures vanquished

Notes
Turn   | Place    | Note
-------+----------+-------------------------------------------
     0 | D:1      | Zeld the Gargoyle Earth Elementalist began the quest for
                  | the Orb.
     0 | D:1      | Reached XP level 1. HP: 10/10 MP: 3/3
   312 | D:1      | Reached skill level 4 in Earth Magic
   312 | D:1      | Reached XP level 2. HP: 15/15 MP: 3/5
   329 | D:1      | Learned a level 2 spell: Passwall
   928 | D:1      | Reached XP level 3. HP: 19/19 MP: 4/6
   932 | D:1      | Learned a level 3 spell: Stone Arrow
  2019 | D:2      | Reached XP level 4. HP: 24/24 MP: 4/7
  2148 | D:2      | Reached skill level 5 in Earth Magic
  2884 | D:3      | Reached XP level 5. HP: 28/28 MP: 7/9
  3262 | D:3      | Found a sacrificial altar of Ru.
  3576 | D:3      | Reached skill level 6 in Earth Magic
  3637 | D:3      | Reached XP level 6. HP: 32/32 MP: 7/10
  3642 | D:3      | Learned a level 4 spell: Petrify
  4425 | D:5      | Entered Level 5 of the Dungeon
  4484 | D:5      | Found a shimmering altar of Xom.
  4490 | D:5      | Found a radiant altar of Vehumet.
  4490 | D:5      | Found a basalt altar of Yredelemnul.
  4719 | D:5      | Noticed a water moccasin
  4722 | D:5      | Reached skill level 7 in Earth Magic
  4722 | D:5      | Reached XP level 7. HP: 36/36 MP: 10/12
  5015 | D:5      | Found a glowing silver altar of Zin.
  5577 | D:4      | Found a staircase to the Ecumenical Temple.
  5583 | Temple   | Entered the Ecumenical Temple
  5593 | Temple   | Became a worshipper of Sif Muna the Loreminder
  6236 | D:4      | Reached skill level 8 in Earth Magic
  6570 | D:5      | Found a hazy altar of Hepliaklqana.
  6713 | D:6      | Reached XP level 8. HP: 28/41 MP: 7/14
  6719 | D:6      | Learned a level 5 spell: Lee's Rapid Deconstruction
  6806 | D:6      | Found a broken altar of Ashenzari.
  6810 | D:6      | Saw a vision of the Swamp and the Spider Nest.
  6810 | D:6      | Noticed a wolf spider
  6810 | D:6      | Noticed a redback
  6810 | D:6      | Noticed a redback
  6810 | D:6      | Noticed a will-o-the-wisp
  6810 | D:6      | Noticed a redback
  6810 | D:6      | Noticed a redback
  6810 | D:6      | Noticed a wolf spider
  6812 | D:6      | Found a sand-covered staircase.
  6827 | Ossuary  | Entered an ossuary
  7264 | Ossuary  | Reached * piety under Sif Muna
  7569 | Ossuary  | Reached skill level 9 in Earth Magic
  7800 | D:6      | Reached skill level 5 in Spellcasting
  7961 | D:6      | Reached ** piety under Sif Muna
  8033 | D:6      | Found a transporter.
  8033 | D:6      | Noticed phalm's ghost (novice GnCj)
  8033 | D:6      | Identified the +3 great mace of Armageddon {vamp, +Rage
                  | Str+2}
  8033 | D:6      | Noticed a two-headed ogre
  8208 | D:6      | Noticed a hornet
  8494 | D:6      | Found a transporter.
  8657 | D:7      | Noticed Harold
  8673 | D:7      | Found a transporter.
  8673 | D:7      | Noticed Duder's ghost (novice MiBe)
  8676 | D:7      | Identified the +1 great mace of Futuristic Defence {speed,
                  | +Blink rC- Str+3 Int+2}
  8676 | D:7      | Identified the +7 dire flail of Arbitration {pain, rElec
                  | Str+3}
  8676 | D:7      | Noticed a two-headed ogre
  8679 | D:7      | Slain by an ogre

Illustrated notes

Levels and vault maps discovered:
D:1:      heliophobic_arrival_glass_houses, layout_basic, serial_corexii_hall,
          chequers_hall_statues_corner_a, corexii_hall_statues_s,
          corexii_hall_statues_l, hangedman_glass_teeth, moated_statue,
          nrook_mini_backslash, serial_bayou_lagoon_b
D:2:      layout_basic
D:3:      layout_loops_ring, lemuel_crystal_altar
D:4:      layout_loops_ring, minmay_temple_entry_from_below_a
D:5:      layout_basic, lemuel_coloured_pillars_altar, zin_academy,
          grunt_temple_overflow_open
D:6:      layout_rooms, gammafunk_ghost_smash, nicolae_ossuary_entry_ruins,
          corexii_leaking_fountain, grunt_ashenzari_visionary
          [grunt_ashenzari_visionary_swamp, grunt_ashenzari_visionary_spider]
D:7:      layout_loops_ring, lightli_temple_of_fire, gammafunk_ghost_smash,
          serial_bayou, serial_bayou_lagoon_a, serial_bayou_shore_b,
          serial_bayou_ford_a, serial_bayou_shore_a, serial_bayou_pond_b,
          serial_bayou_pond_b, serial_shops, shop, enter_bailey_2, uniq_harold,
          uniq_pikel, uniq_crazy_yiuf_cottage
Temple:   regret_index_temple_waves

Skill      XL: |  1  2  3  4  5  6  7  8 |
---------------+-------------------------+-----
Earth Magic    | 4 5 6 7 8 9 |  9.9
Dodging        | 2 3 4 |  4.7
Spellcasting   | 3 4 5 |  5.3
Stealth        | |  2.1
Transmutations | |  0.7

Action                   |  1- 3 |  4- 6 |  7- 9 || total
-------------------------+-------+-------+-------++-------
Melee: Unarmed           |    20 |    13 |    43 ||    76
 Cast: Sandblast         |    48 |    93 |   133 ||   274
       Stone Arrow       |       |       |     9 ||     9
       Lee's Rapid Decon |       |       |     4 ||     4
  Use: Scroll            |       |       |     2 ||     2
 Stab: Sleeping          |     1 |     1 |       ||     2
Armor: Robe              |    13 |    18 |    73 ||   104
Dodge: Dodged            |    28 |    37 |   107 ||   172
